 Dungeon Crawl Stone Soup version 0.19.0-2-gae57169 (webtiles) character file.

7423 Cimanyd the Basher (level 11, 0/60 HPs)
             Began as a Gargoyle Fighter on Nov 6, 2016.
             Was an Elder of Zin.
             Slain by an unseen horror (4 damage)
             ... on level 9 of the Dungeon.
             The game lasted 00:27:41 (11233 turns).

Cimanyd the Basher (Gargoyle Fighter)              Turns: 11233, Time: 00:27:41

Health: 0/60       AC: 16    Str: 25    XL:     11   Next: 15%
Magic:  19/19      EV:  8    Int:  9    God:    Zin [****..]
Gold:   522        SH: 10    Dex: 12    Spells: 0 memorised, 10 levels left

rFire  + + .     SeeInvis .     a - +0 flail
rCold  + . .     Gourm    .     E - +0 mottled dragon scales
rNeg   + . .     Faith    .     m - +0 shield
rPois  ∞         Spirit   .     (no helmet)
rElec  +         Reflect  .     n - +1 cloak
rCorr  +         Harm     .     (no gloves)
MR     .....                    (no boots)
Stlth  +.........               (no amulet)
                                j - +5 ring of strength
                                F - ring of protection from fire

@: exhausted, resistant, very slightly contaminated, hasted and slowed
A: negative energy resistance 1, electricity resistance, unbreathing,
petrification resistance, rot immunity, AC +7
a: Recite, Vitalisation, Imprison, Donate Gold, Renounce Religion


You were on level 9 of the Dungeon.
You worshipped Zin.
Zin was greatly pleased with you.
You were not hungry.

You visited 2 branches of the dungeon, and saw 13 of its levels.

You collected 579 gold pieces.
You donated 57 gold pieces to Zin.

Inventory:

Hand Weapons
 a - a +0 flail (weapon)
Armour
 m - a +0 shield (worn)
 n - a +1 cloak (worn)
 E - +0 mottled dragon scales (worn)
Jewellery
 j - a +5 ring of strength (right hand)
 v - an uncursed ring of ice
 F - a ring of protection from fire (left hand)
Wands
 k - a wand of slowing (29/48)
 q - a wand of acid (11/15)
 B - a wand of polymorph (11/24)
Scrolls
 c - 4 scrolls of remove curse
 i - a scroll of identify
 o - a scroll of recharging
 p - a scroll of immolation
 t - a scroll of teleportation
 y - a scroll of magic mapping {unknown}
Potions
 h - 2 potions of magic
 r - 3 potions of curing
 u - a potion of agility {unknown}
 w - a potion of invisibility {unknown}
 x - a potion of resistance
 z - a potion of cancellation
Books
 s - a book of Conjurations

   Spells                             Type                      Level
   a - Magic Dart                     Conjuration                  1
   b - Searing Ray                    Conjuration                  2
   c - Dazzling Spray                 Conjuration/Hexes            3
   d - Fulminant Prism                Conjuration/Hexes            4
   e - Iskenderun's Mystic Blast      Conjuration                  4
   f - Iskenderun's Battlesphere      Conjuration/Charms           5
Comestibles
 f - 10 bread rations
 g - a fruit
 l - 3 meat rations
 D - a beef jerky


   Skills:
 + Level 3.3 Fighting
 - Level 12.8 Maces & Flails
 + Level 3.3 Armour
 + Level 3.3 Shields
 - Level 11.5 Invocations


You had 10 spell levels left.
You didn't know any spells.

Dungeon Overview and Level Annotations

Branches:
Dungeon (12/15)            Temple (1/1) D:7
   Lair: D:8-11         Orc: D:9-12

Altars:
Ashenzari
Cheibriados
Dithmenos
Elyvilon
Fedhas
Gozag
Hepliaklqana
Kikubaaqudgha
Makhleb
Nemelex Xobeh
Okawaru
Qazlal
Ru
Sif Muna
Trog
Uskayaw
Vehumet
Xom
Yredelemnul
Zin
The Shining One

Shops:
D:6 %


Innate Abilities, Weirdness & Mutations

You are resistant to torment.
Your stone body is resilient. (AC +7)
You are immune to poison.
You resist negative energy. (rN+)
You are resistant to electric shocks. (rElec)
You can survive without breathing.
You are immune to petrification.
You are immune to rotting.


Message History

You see here a lumpy pink potion.
b - a lumpy pink potion The hornet barely misses you.
The hornet barely misses you.
Press: ? - help, v - describe, . - travel
Here: a hornet The floor.
It was a potion of haste.
You feel yourself speed up. The hornet barely misses you.
You are very lightly contaminated with residual magic.
There is a stone staircase leading up here.
The hornet stings you but does no damage.
There is an open door here.
The hornet closely misses you.
Things that are here:
a giant club; an ogre corpse The yak bellows!
The yak gores you but does no damage.
There is a stone staircase leading up here.
You climb upwards.
Something hits you but does no damage.
There is a stone staircase leading down here.
You start resting.
Something hits you but does no damage.
You start resting.
Something hits you but does no damage.
It was a potion of berserk rage.
A red film seems to cover your vision as you go berserk!
You feel yourself moving faster!
You feel mighty! You block something's attack.
You feel a strong urge to attack something.
Something hits you but does no damage.
You bludgeon something!! Something hits you but does no damage.
Something hits you.
* * * LOW HITPOINT WARNING * * *
You feel a strong urge to attack something.
Something hits you but does no damage. Something hits you but does no damage.
You feel your anger subside.
You are no longer berserk.
You pass out from exhaustion.
You feel yourself slow down. Something hits you but does no damage.
Something hits you but does no damage.
You can move again.
Your extra speed is starting to run out.
Something hits you.
* * * LOW HITPOINT WARNING * * *
Something hits you but does no damage. Something hits you but does no damage.
There is an open door here.
Something hits you!
* * * LOW HITPOINT WARNING * * *
Something hits you but does no damage. Something hits you.
You die...

#........ .......
#......#################
#......#.(.....##.......
#......#.>.....##..#####
#......##......# ## ####
#...#####......#. . #...
#.#.# #.......#.##.#...
#...#####'######....#'##
#......@................
#.....####.....###..#...
#.......................
#...##'###..............
#.#.#..# #.#.>#..####...
#...#### #..............
#.....####...........)..
#.#.^.#..#..............
#.#...'..#......##....##


There were no monsters in sight!

Vanquished Creatures
  2 hill giants (D:8 D:12)
  The ghost of MemesquadDaddy the Skirmisher, a novice DrBe of Trog (D:4)
  3 hippogriffs (D:7 D:8)
  A shadow (D:9)
  A spriggan (D:7)
  A wyvern (D:12)
  A hungry ghost (D:8)
  A steam dragon (D:7)
  A mottled dragon (D:12)
  A water moccasin (D:8)
  An orc warrior (D:7)
  An ice beast (D:7)
  3 black bears (D:7 D:9)
  2 ogres (D:4 D:10)
  2 eyes of draining (D:8 D:12)
  A phantom (D:6)
  2 necrophages (D:3 D:9)
  3 centaurs (D:7 D:9 D:11)
  2 elf zombies (D:7)
  7 bullfrogs (D:6 D:7 D:8 D:9)
  Blork the orc (D:5)
  2 big kobolds (D:8 D:9)
  3 elf skeletons (D:7)
  2 gnoll sergeants (D:6 D:8)
  2 scorpions (D:5 D:8)
  5 killer bees (D:7)
  8 wights (D:6 D:8)
  5 crimson imps (D:6 D:8 D:9)
  A centaur zombie (D:6)
  A quasit (D:8)
  A bullfrog zombie (D:7)
  A bullfrog skeleton (D:8)
  A human zombie (D:7)
  An orc priest (D:8)
  2 centaur skeletons (D:7 D:8)
  2 gnoll shamans (D:7 D:9)
  3 hounds (D:4 D:6)
  2 jellies (D:9 D:12)
  2 orc wizards (D:8)
  4 human skeletons (D:7)
  2 iguanas (D:9)
  10 worker ants (D:5 D:4 D:6 D:8 D:9)
  2 hound skeletons (D:6 D:8)
  A howler monkey zombie (D:5)
  A worker ant zombie (D:5)
  20 gnolls (D:6 D:7 D:8 D:9)
  5 adders (D:2 D:3 D:6 D:12 D:10)
  4 shadow imps (D:7 D:8)
  An ooze (D:2)
  An adder skeleton (D:7)
  A dart slug (D:1)
  3 leopard geckos (D:1 D:5 D:9)
  23 orcs (D:2 D:4 D:5 D:7 D:8)
  4 giant cockroaches (D:2 D:3 D:4 D:7)
  7 goblins (D:1 D:2 D:3)
  10 hobgoblins (D:1 D:2 D:3)
  2 jackals (D:2)
  6 quokkas (D:3 D:4 D:6 D:7)
  A ball python (D:2)
  7 bats (D:1 D:3)
  6 frilled lizards (D:1 D:2 D:3 D:5)
  A giant cockroach zombie (D:6)
  14 kobolds (D:1 D:2 D:3 D:8 D:9)
  An orc zombie (D:7)
  6 rats (D:1 D:2)
225 creatures vanquished.

Vanquished Creatures (others)
  An orc (D:4)
1 creature vanquished.

Grand Total: 226 creatures vanquished

Notes
Turn   | Place    | Note
-------+----------+-------------------------------------------
     0 | D:1      | Cimanyd the Gargoyle Fighter began the quest for the Orb.
     0 | D:1      | Reached XP level 1. HP: 14/14 MP: 1/1
   322 | D:1      | Reached XP level 2. HP: 18/19 MP: 2/2
   385 | D:1      | Reached skill level 3 in Maces & Flails
   653 | D:1      | Reached XP level 3. HP: 23/23 MP: 3/3
  1378 | D:2      | Reached skill level 4 in Maces & Flails
  1382 | D:2      | Reached XP level 4. HP: 28/28 MP: 4/4
  1899 | D:3      | Noticed a necrophage
  1902 | D:3      | Killed a necrophage
  1902 | D:3      | Reached skill level 5 in Maces & Flails
  1902 | D:3      | Reached XP level 5. HP: 32/32 MP: 5/5
  2411 | D:4      | Noticed MemesquadDaddy's ghost (novice DrBe)
  2412 | D:4      | Cimanyd: !log memesquaddaddy drbe D:4
  2412 | D:4      | beem: 4. MemesquadDaddy, XL7 DrBe, T:4146: http://crawl.berotato.org/crawl/morgue/MemesquadDaddy/morgue-MemesquadDaddy-20161106-200346.txt
  2468 | D:4      | Noticed an ogre
  2475 | D:4      | Killed an ogre
  2475 | D:4      | Reached skill level 6 in Maces & Flails
  2475 | D:4      | Reached XP level 6. HP: 30/37 MP: 6/6
  2484 | D:5      | Entered Level 5 of the Dungeon
  2565 | D:5      | Found a snail-covered altar of Cheibriados.
  2617 | D:5      | Noticed Blork the orc
  2632 | D:5      | Killed Blork the orc
  2920 | D:5      | Reached skill level 7 in Maces & Flails
  3041 | D:5      | Reached XP level 7. HP: 41/41 MP: 7/7
  3555 | D:4      | HP: 4/41 [MemesquadDaddy's ghost (5)]
  3564 | D:4      | Killed MemesquadDaddy's ghost
  3564 | D:4      | Reached skill level 9 in Maces & Flails
  3564 | D:4      | Reached XP level 8. HP: 12/46 MP: 8/8
  4427 | D:6      | Found a stormy altar of Qazlal.
  4602 | D:6      | Found a burning altar of Makhleb.
  4632 | D:6      | Reached skill level 10 in Maces & Flails
  4681 | D:6      | Found a deep blue altar of Sif Muna.
  4681 | D:6      | Found a faded altar of an unknown god.
  4687 | D:6      | Found a faded altar of an unknown god.
  4689 | D:6      | Found a faded altar of an unknown god.
  4690 | D:6      | Found a faded altar of an unknown god.
  4887 | D:6      | Became a worshipper of Zin the Law-Giver
  4887 | D:6      | Reached * piety under Zin
  4887 | D:6      | Reached ** piety under Zin
  5066 | D:6      | Found Buykicw's Food Boutique.
  5186 | D:6      | Found a bloodstained altar of Trog.
  5186 | D:6      | Found a sacrificial altar of Ru.
  5367 | D:7      | Noticed a hippogriff
  5382 | D:7      | Killed a hippogriff
  5382 | D:7      | Reached skill level 11 in Maces & Flails
  5382 | D:7      | Reached XP level 9. HP: 25/51 MP: 8/10
  5545 | D:7      | Reached *** piety under Zin
  5925 | D:7      | Found a white marble altar of Elyvilon.
  6094 | D:7      | Reached skill level 5 in Invocations
  6198 | D:7      | Found a staircase to the Ecumenical Temple.
  6279 | Temple   | Entered the Ecumenical Temple
  7473 | D:7      | Reached XP level 10. HP: 56/56 MP: 15/15
  7914 | D:8      | Reached skill level 12 in Maces & Flails
  8152 | D:8      | Noticed a hill giant
  8174 | D:8      | Killed a hill giant
  9028 | D:8      | Reached skill level 10 in Invocations
  9202 | D:9      | Reached **** piety under Zin
  9446 | D:9      | Found a shattered altar of Ashenzari.
 10032 | D:9      | You fall through a shaft for 3 floors!
 10160 | D:12     | Reached XP level 11. HP: 40/60 MP: 19/19
 10339 | D:12     | Found an ancient bone altar of Kikubaaqudgha.
 10339 | D:12     | Found a basalt altar of Yredelemnul.
 10339 | D:12     | Noticed a hill giant
 10356 | D:12     | Killed a hill giant
 10491 | D:12     | Noticed a fire dragon
 10753 | D:10     | Entered Level 10 of the Dungeon
 11232 | D:9      | HP: 4/60 [something (7)]
 11233 | D:9      | Slain by an unseen horror

Skill      XL: |  1  2  3  4  5  6  7  8  9 10 |
---------------+-------------------------------+-----
Maces & Flails | 3 4 5 6 7 9 11 12 | 12.8
Invocations    | 2 7 11 | 11.5
Fighting       | |  3.3
Armour         | |  3.3
Shields        | |  3.3

Action                   |  1- 3 |  4- 6 |  7- 9 | 10-12 || total
-------------------------+-------+-------+-------+-------++-------
Melee: Flail             |   111 |       |   323 |   496 ||   930
       Falchion          |    18 |    73 |       |       ||    91
       Mace              |       |    31 |   137 |       ||   168
Invok: Recite            |       |       |     8 |    15 ||    23
  Use: Scroll            |       |     5 |    11 |     5 ||    21
       Potion            |       |     1 |     9 |     6 ||    16
 Stab: Invisible         |       |       |     1 |       ||     1
       Confused          |       |       |       |     7 ||     7
  Eat: Chunk             |     2 |     5 |     8 |     5 ||    20
       Meat ration       |       |       |     1 |     2 ||     3
       Pizza             |       |       |     1 |     1 ||     2
       Beef jerky        |       |       |       |     1 ||     1
Armor: Ring mail         |    80 |    55 |       |       ||   135
       Scale mail        |       |       |   249 |   247 ||   496
       Mottled dragon sc |       |       |       |    51 ||    51
Dodge: Dodged            |    49 |    39 |   132 |   141 ||   361
Block: Shield            |    89 |    42 |   232 |   258 ||   621
       Rpst.: Falchion   |     3 |     8 |       |       ||    11
